Construct Infanterie Kompanie
Infanterie Officer Quarters
Selects Luftwaffe Battlegroup
Selects Luftwaffe Pioneer Support
Selects LG40 Recoilless Gun Paradrop
LG40 Recoilless Gun Paradrop
Selects Stuka Strafing Run
Selects Fallschirmjäger Squad Paradrop
Fallschirmjäger Squad Paradrop
Construct Luftwaffe Kompanie
Fallschirmjäger Squad Paradrop
Luftwaffe Officer Quarters
LG40 Recoilless Gun Paradrop
Marder III M Tank Destroyer
Marder III M Tank Destroyer
Selects Infantry Reserves
Marder III M Tank Destroyer
Fallschirmjäger Squad Paradrop